 Dungeon Crawl Stone Soup version 0.25.1-3-ge44b62a0b3 (webtiles) character file.

Game seed: 2632073399503650797

1710 DogServant the Zephyrmancer (level 9, 54/54 HPs)
             Began as a Tengu Air Elementalist on Nov 22, 2020.
             Was a Follower of Sif Muna.
             Quit the game on level 7 of the Dungeon.
             The game lasted 00:14:50 (9355 turns).

DogServant the Zephyrmancer (TeAE)                  Turns: 9355, Time: 00:14:51

Health: 54/54      AC:  3    Str: 14    XL:     9   Next: 3%
Magic:  16/16      EV: 16    Int: 18    God:    Sif Muna [*.....]
Gold:   281        SH:  0    Dex: 16    Spells: 6/16 levels left

rFire    . . .     SeeInvis .   b - +3 short sword (vamp)
rCold    . . .     Gourm    .   (no shield)
rNeg     . . .     Faith    +   a - +1 robe
rPois    .         Spirit   .   (helmet restricted)
rElec    .         Reflect  .   (no cloak)
rCorr    .         Harm     .   (no gloves)
MR       .....                  (boots unavailable)
Stlth    ++........             t - amulet of faith
HPRegen  0.18/turn              e - +6 ring of strength
MPRegen  0.15/turn              (no ring)

@: no status effects
A: beak, talons 3, able to fly
a: Fly, Channel Magic, Renounce Religion


You were on level 7 of the Dungeon.
You worshipped Sif Muna.
Sif Muna was aware of your devotion.
You were not hungry.

You visited 1 branch of the dungeon, and saw 7 of its levels.
You also visited: Ossuary.

You collected 281 gold pieces.

Inventory:

Hand Weapons
 b - a +3 vampiric short sword (weapon)
Missiles
 m - 22 poisoned darts (quivered)
Armour
 a - a +1 robe (worn)
Jewellery
 e - a +6 ring of strength (left hand)
 q - an uncursed amulet of the acrobat
 t - an amulet of faith (around neck)
Scrolls
 d - 5 scrolls of teleportation
 g - 2 scrolls of enchant armour
 j - a scroll of enchant weapon
 k - a scroll of magic mapping
 o - a scroll of fear
 p - a scroll of noise {unknown}
 v - 3 scrolls of amnesia
 y - a scroll of fog
 z - 2 scrolls of identify
Potions
 f - 4 potions of lignification
 h - 3 potions of might
 i - a potion of flight
 l - 2 potions of curing
 n - a potion of stabbing {unknown}
 r - 2 potions of brilliance {unknown}
 s - 2 potions of resistance {unknown}
 u - 3 potions of ambrosia {unknown}
 w - a potion of haste {unknown}
 x - a potion of heal wounds {unknown}
Comestibles
 c - 8 rations


   Skills:
 + Level 5.1 Fighting
 + Level 6.3 Dodging
 - Level 2.0 Stealth
 - Level 4.0 Spellcasting
 - Level 3.1 Conjurations
 + Level 9.7 Air Magic


You had 6 spell levels left.
You knew the following spells:

 Your Spells              Type           Power        Failure   Level  Hunger
a - Shock                 Conj/Air       ####         1%          1    None
b - Static Discharge      Conj/Air       ####....     3%          3    ###....
c - Swiftness             Chrm/Air       ###.....     3%          2    ##.....
d - Airstrike             Air            #####.....   2%          4    ####...

Your spell library contained the following spells:

 Spells                   Type           Power        Failure   Level  Hunger
 Animate Skeleton         Necr           N/A          14%         1    None
 Apportation              Tloc           #.....       14%         1    None
 Corona                   Hex            #......      14%         1    None
 Summon Small Mammal      Summ           #...         14%         1    None
 Lightning Bolt           Conj/Air       ####......   28%         5    ######.


Dungeon Overview and Level Annotations

Branches:
Dungeon (7/15)             Temple (0/1) D:6         Ossuary (visited)

Altars:
Ashenzari
Hepliaklqana
Makhleb
Nemelex Xobeh
Okawaru
Sif Muna
Wu Jian
Zin

Annotations:
D:5 2 runed translucent doors, kikerikii's ghost, novice NaFi


Innate Abilities, Weirdness & Mutations

You have a beak for a mouth.
You have claws for feet.
You can fly continuously.


Message History

There is a stone staircase leading up here.
HP restored.
Magic restored.
Done exploring.
Done exploring.
Done exploring.
(D) Dungeon (T) Temple
Where to? (Enter - D:6, ? - help) Eating a chunk of flesh.
You eat the chunk of flesh.
This raw flesh tastes terrible.
There is a stone staircase leading down here.
You climb downwards.
There is a stone staircase leading up here.
A jackal and a hound come into view.
The hound barks!
The jackal barks!
You hear a bark!
A jackal comes into view. x2
Found 18 stones and 9 gold pieces.
There are monsters nearby!
Okay, then.
Are you sure you want to abandon this character and quit the game? (Confirm with "yes".)

#+# # #.#
#.##.##.##
........<#
.##.##@##
............h..
.....##.#.#.h.h
..## #.#.# ..
... . ..( ##
.h. ##$##


You could see a hound and 3 jackals.

Vanquished Creatures
  Grinder (D:3)
  Menkaure (Ossuary)
  Duvessa (D:5)
  A black bear (D:6)
  A phantom (D:5)
  An ogre (D:6)
  A centaur (D:5)
  A bullfrog (D:6)
  Dowan (D:5)
  A howler monkey (D:4)
  A crimson imp (D:4)
  4 hounds
  A jelly (D:6)
  2 orc wizards
  A bullfrog skeleton (D:6)
  A centaur skeleton (D:4)
  A worker ant (D:6)
  Natasha (thrice) (D:3)
  2 hound skeletons (D:4)
  3 mummies (Ossuary)
  Robin (D:4)
  6 adders
  11 gnolls
  3 oozes
  2 worms
  A dart slug (D:1)
  3 leopard geckos
  13 orcs
  2 giant cockroaches
  10 goblins
  12 hobgoblins
  6 jackals
  4 quokkas
  A ball python (D:5)
  5 bats
  7 frilled lizards
  7 gnoll skeletons (Ossuary)
  5 gnoll zombies (Ossuary)
  5 goblin skeletons (Ossuary)
  3 goblin zombies (Ossuary)
  2 hobgoblin skeletons (Ossuary)
  5 hobgoblin zombies (Ossuary)
  2 jackal skeletons (D:4)
  9 kobolds
  2 kobold skeletons (Ossuary)
  2 kobold zombies (Ossuary)
  A leopard gecko skeleton (D:4)
  5 orc skeletons (Ossuary)
  6 orc zombies (Ossuary)
  A quokka zombie (D:5)
  5 rats
  4 rat skeletons (Ossuary)
  2 rat zombies
182 creatures vanquished.

Vanquished Creatures (others)
  A gnoll zombie (Ossuary)
  An orc zombie (Ossuary)
  A rat zombie (Ossuary)
3 creatures vanquished.

Grand Total: 185 creatures vanquished

Notes
Turn   | Place    | Note
-------+----------+-------------------------------------------
     0 | D:1      | DogServant the Tengu Air Elementalist began the quest for
                  | the Orb.
     0 | D:1      | Reached XP level 1. HP: 10/10 MP: 4/4
   164 | D:1      | Reached XP level 2. HP: 15/15 MP: 0/6
   938 | D:1      | Reached XP level 3. HP: 19/19 MP: 5/7
  1429 | D:2      | Reached skill level 5 in Air Magic
  2007 | D:3      | Noticed Grinder
  2209 | D:3      | Learned a level 3 spell: Static Discharge
  2214 | D:3      | Reached XP level 4. HP: 23/24 MP: 0/8
  2291 | D:3      | Found an iron altar of Okawaru.
  2330 | D:3      | Found a faded altar of an unknown god.
  2372 | D:3      | Learned a level 2 spell: Swiftness
  2765 | D:3      | Reached skill level 1 in Fighting
  2851 | D:4      | Noticed Robin
  3086 | D:4      | Gained mutation: You can fly continuously. [Tengu growth]
  3086 | D:4      | Reached XP level 5. HP: 29/29 MP: 3/10
  3226 | D:4      | Reached skill level 6 in Air Magic
  3367 | D:4      | Reached XP level 6. HP: 20/34 MP: 2/12
  3778 | D:4      | Found a sparkling altar of Nemelex Xobeh.
  4257 | D:4      | Killed Robin
  4452 | D:4      | Found a glowing silver altar of Zin.
  4566 | D:5      | Entered Level 5 of the Dungeon
  4581 | D:5      | Learned a level 4 spell: Airstrike
  4587 | D:5      | Found a large runed translucent door.
  4587 | D:5      | Found a large runed translucent door.
  4590 | D:5      | Noticed kikerikii's ghost (novice NaFi)
  4616 | D:5      | Found a sand-covered staircase.
  4626 | Ossuary  | Entered an ossuary
  4885 | Ossuary  | Reached skill level 7 in Air Magic
  5149 | Ossuary  | Noticed Menkaure
  5157 | Ossuary  | HP: 1/34 [Menkaure (17)]
  5158 | Ossuary  | Killed Menkaure
  5158 | Ossuary  | Reached XP level 7. HP: 1/39 MP: 3/14
  5698 | D:5      | Noticed a yak
  5698 | D:5      | Noticed a yak
  5699 | D:5      | Noticed a yak
  5986 | D:5      | Noticed a yak
  6053 | D:5      | Found a shimmering blue altar of Sif Muna.
  6056 | D:5      | Became a worshipper of Sif Muna the Loreminder
  6094 | D:5      | Noticed a yak
  6298 | D:6      | Reached skill level 8 in Air Magic
  6491 | D:6      | Found a burning altar of Makhleb.
  6597 | D:6      | Reached XP level 8. HP: 19/46 MP: 12/15
  6860 | D:6      | Found an ornate altar of the Wu Jian Council.
  7152 | D:6      | Reached skill level 5 in Dodging
  7492 | D:6      | Found a staircase to the Ecumenical Temple.
  8019 | D:3      | Killed Grinder
  8019 | D:3      | Reached skill level 9 in Air Magic
  8128 | D:3      | Noticed Natasha
  8130 | D:3      | Killed Natasha
  8171 | D:3      | Noticed Natasha
  8172 | D:3      | Killed Natasha
  8273 | D:3      | Noticed Natasha
  8280 | D:3      | Killed Natasha
  8458 | D:3      | Reached * piety under Sif Muna
  8592 | D:3      | Found a hazy altar of Hepliaklqana.
  8683 | D:3      | Found a shattered altar of Ashenzari.
  8871 | D:5      | Noticed Duvessa
  8871 | D:5      | Noticed Dowan
  8895 | D:5      | Killed Duvessa
  8923 | D:5      | Killed Dowan
  8923 | D:5      | Reached skill level 5 in Fighting
  9246 | D:5      | Reached XP level 9. HP: 49/54 MP: 7/16
  9355 | D:7      | Quit the game

Illustrated notes

Levels and vault maps discovered:
D:1:      eino_arrival_water_cross, layout_basic
D:2:      layout_loops_ring, first_ration
D:3:      layout_rooms, okawaru_metal_pillars_1_2,
          lemuel_coloured_pillars_altar, chequers_ecumenical_altar_simple,
          evilmike_ruin_ashenzari, uniq_grinder, uniq_natasha
D:4:      layout_gridville, zin_scriptorium, kennysheep_mini_moat, uniq_robin
D:5:      layout_gridville, lemuel_blue_sif_altar, enter_ossuary_4,
          ebering_ghost_disaster_area, uniq_duvessa
D:6:      layout_basic, kennysheep_mini, lemuel_round_altar,
          minmay_temple_entry_from_below_a
D:7:      layout_basic, xom_confusion_cloud

Skill      XL: |  1  2  3  4  5  6  7  8 |
---------------+-------------------------+-----
Conjurations   | 2 3 |  3.1
Air Magic      | 5 6 7 8 9 |  9.7
Fighting       | 1 3 5 |  5.1
Dodging        | 3 4 6 |  6.3
Spellcasting   | 3 4 |  4.0
Stealth        | |  2.0

Action                   |  1- 3 |  4- 6 |  7- 9 || total
-------------------------+-------+-------+-------++-------
Melee: Short sword       |    20 |   107 |    41 ||   168
       Peck              |     3 |    23 |     7 ||    33
       Kick              |     4 |    31 |    11 ||    46
 Cast: Shock             |    71 |    88 |    85 ||   244
       Static Discharge  |     1 |     8 |     1 ||    10
       Airstrike         |       |       |    27 ||    27
  Use: Scroll            |       |    12 |       ||    12
       Potion            |       |       |     1 ||     1
 Stab: Sleeping          |     1 |       |     1 ||     2
  Eat: Chunk             |     5 |     5 |    14 ||    24
       Ration            |       |     2 |     1 ||     3
Armor: Robe              |     3 |    14 |    12 ||    29
Dodge: Dodged            |    18 |    98 |    47 ||   163
